[ AOE2 MATCH · #461673335 ]
Team RMMongols vs Malians
[ REPLAY ANALYSIS · EXTRACTED FROM THE RECORDED GAME ]
Feudal
15:01
Castle
—
Imperial
—
| APM avg | 18.6 |
| APM peak | 46 |
| eAPM avg | 5.8 |
| Villagers / military | 45 / 5 |
Focus
⚔️ 9.6% · 🌾 90.4%
Militia ×5
Feudal
—
Castle
—
Imperial
—
| APM avg | 1.8 |
| APM peak | 15 |
| eAPM avg | 0.1 |
| Villagers / military | 0 / 0 |
Feudal
—
Castle
—
Imperial
—
| APM avg | 10.4 |
| APM peak | 65 |
| eAPM avg | 3.4 |
| Villagers / military | 7 / 0 |
Focus
⚔️ 0.0% · 🌾 100.0%
Feudal
14:54
Castle
—
Imperial
—
| APM avg | 24.3 |
| APM peak | 53 |
| eAPM avg | 7.0 |
| Villagers / military | 30 / 13 |
Focus
⚔️ 30.3% · 🌾 69.7%
Scout Cavalry ×13
Match map
Initial resources + every placement click. Lines = walls · curves = elevation contours. ◆ gold · ⬟ stone · ● berries · ✦ relic · ◌ wall gap
Your base· Open — unwalled flank
Gros_fié_des_familles's base· Open — unwalled flank
Kellsbells's base· Open — unwalled flank
Lobster's base· Open — unwalled flank
Smoothed initial terrain · ◌ = detected wall gap · hover for details
Inputs per minute
— meredide - - Gros_fié_des_familles
Build order — meredide
43 actions detected in the replay
| 1:21 | Build | Town Center |
| 3:06 | Create | Villager (Male) ×4 |
| 3:07 | Create | Villager (Male) ×4 |
| 3:55 | Build | House |
| 4:00 | Research | Loom |
| 4:00 | Create | Villager (Male) ×2 |
| 4:35 | Build | House |
| 4:36 | Build | House |
| 4:38 | Build | House |
| 4:42 | Create | Villager (Male) |
| 4:42 | Create | Villager (Male) |
| 5:55 | Create | Villager (Male) |
| 5:55 | Create | Villager (Male) |
| 5:56 | Create | Villager (Male) |
| 6:52 | Create | Villager (Male) |
| 6:52 | Create | Villager (Male) |
| 6:53 | Create | Villager (Male) |
| 7:45 | Create | Villager (Male) |
| 7:46 | Create | Villager (Male) |
| 7:46 | Create | Villager (Male) |
| 7:46 | Create | Villager (Male) |
| 8:14 | Create | Villager (Male) |
| 8:14 | Create | Villager (Male) |
| 8:28 | Build | Mill |
| 9:25 | Create | Villager (Male) |
| 9:25 | Create | Villager (Male) |
| 9:26 | Create | Villager (Male) |
| 10:29 | Create | Villager (Male) ×5 |
| 11:49 | Build | Lumber Camp |
| 12:28 | Build | House |
| 12:36 | Research | Feudal Age |
| 12:51 | Build | House |
| 12:53 | Build | House |
| 13:13 | Create | Villager (Male) |
| 13:13 | Create | Villager (Male) |
| 13:13 | Create | Villager (Male) |
| 14:53 | Build | Barracks |
| 15:01 | Age | Feudal Age |
| 16:00 | Research | Man-at-Arms (upgrade) |
| 16:00 | Create | Militia ×5 |
| 18:02 | Build | Market |
| 18:50 | Create | Villager (Male) ×5 |
| 18:50 | Create | Villager (Male) ×5 |
Build order — Gros_fié_des_familles
0 actions detected in the replay
Build order — Kellsbells
13 actions detected in the replay
| 0:29 | Build | Town Center |
| 0:48 | Build | House |
| 2:11 | Research | Loom |
| 2:11 | Research | Loom |
| 2:15 | Create | Villager (Male) |
| 2:40 | Create | Villager (Male) |
| 2:40 | Create | Villager (Male) |
| 2:41 | Create | Villager (Male) |
| 3:11 | Build | Mill |
| 4:32 | Create | Villager (Male) |
| 4:33 | Create | Villager (Male) |
| 4:33 | Create | Villager (Male) |
| 4:54 | Build | House |
Build order — Lobster
36 actions detected in the replay
| 0:59 | Build | Town Center |
| 2:39 | Create | Villager (Male) ×4 |
| 2:39 | Create | Villager (Male) ×4 |
| 4:37 | Create | Villager (Male) ×2 |
| 4:37 | Create | Villager (Male) ×2 |
| 5:38 | Create | Villager (Male) ×3 |
| 6:08 | Create | Villager (Male) ×2 |
| 6:59 | Create | Villager (Male) |
| 7:14 | Create | Villager (Male) |
| 7:34 | Research | Loom |
| 7:37 | Create | Villager (Male) |
| 7:38 | Create | Villager (Male) ×3 |
| 8:20 | Create | Villager (Male) |
| 8:26 | Create | Villager (Male) |
| 9:13 | Build | Mill |
| 10:52 | Create | Villager (Male) |
| 10:53 | Create | Villager (Male) |
| 12:03 | Create | Villager (Male) |
| 12:09 | Build | Lumber Camp |
| 12:44 | Research | Feudal Age |
| 14:34 | Build | Barracks |
| 14:54 | Age | Feudal Age |
| 15:00 | Build | Stable |
| 15:02 | Build | Stable |
| 15:16 | Create | Villager (Male) |
| 15:16 | Create | Villager (Male) |
| 15:32 | Create | Scout Cavalry |
| 15:32 | Create | Scout Cavalry |
| 15:33 | Create | Scout Cavalry |
| 15:33 | Create | Scout Cavalry |
| 15:34 | Create | Scout Cavalry |
| 16:02 | Research | Bloodlines |
| 16:04 | Create | Scout Cavalry |
| 16:44 | Create | Scout Cavalry |
| 17:09 | Create | Scout Cavalry |
| 18:21 | Create | Scout Cavalry ×5 |
Match timeline
| 5:24 | Kellsbells · resign |
| 14:34 | Lobster · first_building Barracks |
| 14:53 | meredide · first_building Barracks |
| 14:54 | Lobster · age_up feudal |
| 15:00 | Lobster · first_building Stable |
| 15:01 | meredide · age_up feudal |
[ AI ANALYSIS · 1 CREDIT ]
What really happened in this match?
Wolo.gg analyzes every decision: build order, eco, micro, common mistakes by bracket. Personalized analysis on WhatsApp or Discord in 30 seconds.
Civ guide
Mongols
Map guide
Shipwreck
Perfil
Jugador #2467951